 Dungeon Crawl Stone Soup version 0.31-a0-236-g9a0961fb85 (webtiles) character file.

Game seed: 16633605574655632448

21 qw the Shooter (level 2, 0/17 HPs)
             Began as a Gargoyle Hexslinger on July 10, 2023.
             Slain by a kobold
             ... wielding a +0 whip
              (2 damage)
             ... on level 2 of the Dungeon.
             The game lasted 00:00:18 (1146 turns).

qw the Shooter (Gargoyle Hexslinger)                Turns: 1146, Time: 00:00:19

Health: 0/17       AC:  7    Str: 11    XL:     2   Next: 83%
Magic:  3/3        EV: 10    Int: 13    God:
Gold:   23         SH:  0    Dex: 12    Spells: 2/3 levels left

rFire   . . .        Y - +1 sling
rCold   . . .        (no shield)
rNeg    + . .        j - +0 ring mail
rPois   inf          (no helmet)
rElec   +            (no cloak)
rCorr   .            (no gloves)
SInv    .            (no boots)
Will    .....        (no amulet)
Stlth   +            (no ring)
HPRegen 0.22/turn    (no ring)
MPRegen 0.08/turn

%: no passive effects
@: no status effects
A: sickness immunity, AC +2, negative energy resistance 1, electricity
resistance, torment resistance 1, petrification resistance
a: no special abilities


You were on level 2 of the Dungeon.
You visited 1 branch of the dungeon, and saw 2 of its levels.

You collected 45 gold pieces.
You spent 22 gold pieces at shops.


Innate Abilities, Weirdness & Mutations

You are immune to sickness and miasma.
Your stone body is resilient. (AC +2)
You are immune to poison.
You resist negative energy. (rN+)
You are resistant to electric shocks. (rElec)
You are resistant to unholy torment.
You are immune to petrification.


   Skills:
 + Level 1.7 Fighting
 - Level 3.0 Ranged Weapons
 - Level 1.5 Dodging
 - Level 1.0 Spellcasting
 - Level 2.6 Hexes


You had 2 spell levels left.
You knew the following spells:

 Your Spells              Type           Power      Damage    Failure   Level
a - Slow                  Hex            28%        N/A       22%         1

Your spell library contained the following spells:

 Spells                   Type           Power      Damage    Failure   Level
 Inner Flame              Hex/Fire       4%         N/A       75%         3
 Portal Projectile        Hex/Tloc       8%         N/A       75%         3
 Cause Fear               Hex            3%         N/A       92%         4

Inventory:

Hand Weapons
 Y - a +1 sling (weapon)
Armour
 j - a +0 ring mail (worn)
Jewellery
 b - a ring of magical power
Scrolls
 a - 2 scrolls of identify
Potions
 c - a potion of berserk rage {unknown}
 g - a potion of brilliance {unknown}
 h - a potion of enlightenment {unknown}
 k - a potion of curing {unknown}

Dungeon Overview and Level Annotations

Branches:
Dungeon (2/15)

Altars:

Shops:
D:2 ?


Message History

A kobold comes into view. It is wielding a +0 whip.
You shoot a sling bullet.
The sling bullet closely misses the kobold.
The kobold shouts!
The kobold hits you with a +0 dagger. The kobold closely misses you.
The kobold hits you with a +0 dagger.
You shoot a sling bullet.
The sling bullet barely misses the kobold.
The kobold hits you but does no damage. The kobold hits you with a +0 dagger.
The kobold hits you but does no damage. x2
You shoot a sling bullet.
The sling bullet closely misses the kobold.
The kobold hits you with a +0 dagger.
The kobold hits you but does no damage. x3
The kobold closely misses you. The kobold misses you.
The kobold hits you but does no damage. x2
You shoot a sling bullet.
The sling bullet closely misses the kobold.
The kobold barely misses you.
The kobold hits you but does no damage. x3
You shoot a sling bullet.
The sling bullet completely misses the kobold.
The kobold hits you but does no damage. x2
You shoot a sling bullet.
The sling bullet hits the kobold but does no damage.
The kobold hits you with a +0 dagger. The kobold barely misses you.
The kobold closely misses you. The kobold hits you but does no damage.
The kobold barely misses you. x3; The kobold hits you but does no damage. x2
You shoot a sling bullet. The sling bullet hits the kobold.
You kill the kobold!
The kobold hits you but does no damage. x2; The kobold hits you with a +0 whip.
The kobold hits you but does no damage. x2
You shoot a sling bullet. The sling bullet hits the kobold.
You kill the kobold!
The kobold hits you with a +0 dagger. The kobold hits you with a +0 whip.
The kobold hits you but does no damage. The kobold barely misses you.
The kobold misses you. x2; The kobold barely misses you. x2
You shoot a sling bullet. The sling bullet hits the kobold.
The kobold is moderately wounded.
The kobold hits you with a +0 dagger. The kobold closely misses you.
The kobold hits you with a +0 whip.
You die...

.. #. ### .. #### #.## .##
#.... <..### ..##!.[..
.....### # ##.'......
#.##.#.## #>#KK)......
#.....#.# #..K@)......
####.#.## ####K##....[
.....#.# #.# ... ######.#
#.## # # #.### #..###### #
#...#######...#...## ##
########.##.............####
##.
...........................#
#..
#.##.....##.............##.#
#..


You could see 4 kobolds.

Vanquished Creatures
  An endoplasm (D:1)
  2 giant cockroaches (D:2)
  A goblin (D:2)
  4 jackals (D:2)
  6 kobolds
  A ball python (D:1)
  A bat (D:2)
  A frilled lizard (D:1)
  A spectral goblin (D:2)
18 creatures vanquished.

Notes
Turn   | Place    | Note
-------+----------+-------------------------------------------
     0 | D:1      | qw the Gargoyle Hexslinger began the quest for the Orb.
     0 | D:1      | Reached XP level 1. HP: 12/12 MP: 2/2
     0 | D:1      | 0 ||| qw: Version: 0.3-a-52-g30416fa
     0 | D:1      | 0 ||| qw: Game counter: 4570
     0 | D:1      | 0 ||| qw: Melee chars always use a shield: true
     0 | D:1      | 0 ||| qw: God list: Okawaru
     0 | D:1      | 0 ||| qw: Allow faded altars: false
     0 | D:1      | 0 ||| qw: Do Orc after clearing Dungeon:15 true
     0 | D:1      | 0 ||| qw: Do second Lair branch before Depths: true
     0 | D:1      | 0 ||| qw: Lair rune preference: random
     0 | D:1      | 0 ||| qw: Goals: Normal
     0 | D:1      | 0 ||| PLANNING D:1-11
   674 | D:1      | 674 ||| UPGRADING to +0 ring mail.
   684 | D:1      | 684 ||| DROPPING +0 robe.
   685 | D:1      | 685 ||| READING scroll labelled FUSTARENLU.
   686 | D:1      | 686 ||| READING scroll labelled GIFUKK SIUGH.
   687 | D:1      | 687 ||| READING scroll labelled ZAOWIE CAUN.
   688 | D:1      | 688 ||| READING scroll labelled ALAKUKUOHEC.
   692 | D:1      | 692 ||| DROPPING scroll of poison.
   706 | D:2      | Found Jecs's Magic Scroll Boutique.
   712 | D:2      | 712 ||| SHOPLISTING 3 scrolls of enchant weapon (247 gold,
                  | have 28).
   712 | D:2      | 712 ||| SHOPLISTING scroll of acquirement (572 gold, have
                  | 28).
   712 | D:2      | 712 ||| SHOPLISTING scroll of enchant armour (82 gold, have
                  | 28).
   712 | D:2      | 712 ||| BUYING scroll of identify (22 gold).
   712 | D:2      | Bought a scroll of identify for 22 gold pieces
   712 | D:2      | 712 ||| SHOPLISTING scroll of identify (22 gold, have 6).
   712 | D:2      | 712 ||| SHOPLISTING scroll of teleportation (33 gold, have
                  | 6).
   729 | D:2      | Reached XP level 2. HP: 16/16 MP: 3/3
   806 | D:2      | Reached skill level 3 in Ranged Weapons
  1034 | D:2      | 1034 ||| Stepping ~*~*~tactically~*~*~ (water).
  1039 | D:2      | Found a faded altar of an unknown god.
  1145 | D:2      | HP: 3/16 [kobold/+0 dagger (2)]
  1146 | D:2      | Slain by a kobold

Levels and vault maps discovered:
D:1:      mushboom_english_gardens, layout_basic
D:2:      cheibrodos_fertilizer, layout_loops_cross, serial_shops,
          nicolae_shop_rolling_square, dreamdust_ecumenical_altar_drowned_temple

Skill      XL: |  1  2 |
---------------+-------+-----
Ranged Weapons | 3 |  3.0
Fighting       | |  1.7
Dodging        | |  1.5
Spellcasting   | |  1.0
Hexes          | |  2.6

Action                     || total
---------------------------++-------
   Fire: Sling             ||    64
    Use: Scroll            ||     4
 Armour: Ring mail         ||    39
         Robe              ||     3
  Dodge: Dodged            ||    42

Table legend:
 A = Non-vault XP
 B = Vault XP
 C = Vault XP percentage of total XP
 D = Non-vault monster count
 E = Vault monster count
 F = Vault count percentage of total count
                 A         B        C        D         E       F
            +---------+---------+-------+---------+---------+-------
      Total |      24 |       6 |  20.0 |      14 |       4 |  22.2
            +---------+---------+-------+---------+---------+-------
        D:1 |       7 |       0 |   0.0 |       5 |       0 |   0.0
        D:2 |      17 |       6 |  26.1 |       9 |       4 |  30.8
            +---------+---------+-------+---------+---------+-------
